 Dungeon Crawl Stone Soup version 0.28.0 (webtiles) character file.

Game seed: 731580362082217764

1484 BorgnjorsVileCrotch the Cleaver (level 8, -10/72 HPs)
             Began as a Deep Dwarf Fighter on Feb 7, 2022.
             Was a Priest of Okawaru.
             Mangled by a two-headed ogre (15 damage)
             ... on level 8 of the Dungeon.
             The game lasted 00:05:04 (837 turns).

BorgnjorsVileCrotch the Cleaver (Deep Dwarf Fighter) Turns: 837, Time: 00:05:04

Health: -10/72     AC: 14    Str: 22    XL:     8   Next: 50%
Magic:  8/10       EV:  8    Int:  9    God:    Okawaru [***...]
Gold:   151        SH:  6    Dex: 15    Spells: 7/7 levels left

rFire   . . .      SeeInvis .   a - +0 war axe
rCold   . . .      Faith    .   c - +0 buckler
rNeg    . . .      Spirit   .   e - +0 plate armour
rPois   .          Reflect  .   (no helmet)
rElec   .          Harm     .   (no cloak)
rCorr   +          Rampage  .   (no gloves)
Will    +....                   (no boots)
Stlth   ..........              s - amulet of Wohilaq {Regen+ rCorr Dex+3}
HPRegen 0.00/turn               (no ring)
MPRegen 0.12/turn               (no ring)

@: heroic
A: damage resistance, heal wounds, sense surroundings 1, no regeneration
a: Heal Wounds, Renounce Religion, Heroism


You were on level 8 of the Dungeon.
You worshipped Okawaru.
Okawaru was most pleased with you.
You visited 2 branches of the dungeon, and saw 9 of its levels.

You collected 151 gold pieces.

Inventory:

Hand Weapons
 a - a +0 war axe (weapon)
 p - a +1 whip of flaming
   (You took it off Pikel on level 9 of the Dungeon)
Missiles
 q - 3 javelins (quivered)
 t - a throwing net {!f}
Armour
 b - a +0 scale mail
 c - a +0 buckler (worn)
 e - a +0 plate armour (worn)
   (You found it on level 1 of the Dungeon)
Jewellery
 n - a +6 ring of intelligence
   (You found it on level 6 of the Dungeon)
 s - the amulet of Wohilaq (around neck) {Regen+ rCorr Dex+3}
   (You found it on level 9 of the Dungeon)

   [amulet of regeneration]

   Dex:       It affects your dexterity (+3).
   Regen:     It increases your rate of health regeneration.
   rCorr:     It protects you from acid and corrosion.
Scrolls
 f - a scroll of amnesia {unknown}
 k - a scroll of blinking {unknown}
 l - 2 scrolls of teleportation {unknown}
 m - a scroll of magic mapping {unknown}
 r - a scroll of enchant armour {unknown}
 u - 2 scrolls of identify {unknown}
Potions
 d - a potion of might {@q3 !q}
 g - a potion of haste {@q4 !q}
 h - a potion of attraction {unknown}
 i - 4 potions of flight {unknown}
 j - 2 potions of curing {unknown}
 o - a potion of heal wounds {unknown}


   Skills:
 - Level 3.7(8.7) Fighting
 + Level 8.5(13.5) Axes
 - Level 4.5(9.5) Armour
 - Level 4.5(9.5) Shields
 + Level 7.2 Invocations


You had 7 spell levels left.
You didn't know any spells.
Your spell library was empty.

Dungeon Overview and Level Annotations

Branches:
Dungeon (9/15)             Temple (1/1) D:5
   Lair: D:8-11         Orc: D:9-12

Altars:
Ashenzari
Dithmenos
Gozag
Makhleb
Okawaru
Qazlal
Sif Muna
Yredelemnul
Zin
The Shining One


Innate Abilities, Weirdness & Mutations

You are resistant to damage.
You can heal yourself by infusing magical energy.
You passively map a small area around you.
You do not regenerate.


Message History

u - a scroll labelled VENACR HAYRESA
Found a scroll labelled VENACR HAYRESA.
l - 2 scrolls labelled ISIDORGH ECUAGA (gained 1)
You feel like a meek peon again.
Found a glowing silver altar of Zin.
A howler monkey comes into view.
The howler monkey howls!
u - 2 scrolls labelled VENACR HAYRESA (gained 1) 2 wights come into view.
The wight throws a stone.
The stone barely misses you.
You hit the wight.
The wight is lightly damaged.
You block the wight's attack.
You slash the wight!
The wight is severely damaged.
You slash the howler monkey!
The howler monkey hits you but does no damage.
The wight hits you with a +4 battleaxe.
You hit the wight.
The wight is almost destroyed.
You closely miss the howler monkey.
The howler monkey hits you but does no damage.
The wight hits you with a +4 battleaxe.
You feel drained.
The howler monkey hoots and howls with incredible vigour!
You hear a shout!
You hear two shouts!
You hit the wight.
You destroy the wight!
Okawaru accepts your kill.
You barely miss the howler monkey. The howler monkey hits you.
Your life force feels restored.
You barely miss the wight. You hit the howler monkey.
The wight hits you with a +0 flail. The howler monkey barely misses you.
The wight hits you with a +0 flail.
You hit the wight but do no damage. You closely miss the howler monkey.
You block the howler monkey's attack.
The howler monkey hoots and howls with incredible vigour!
The wight hits you but does no damage.
You closely miss the wight. You slash the howler monkey!
You kill the howler monkey!
Okawaru accepts your kill. The wight hits you but does no damage.
Your Invocations skill increases to level 7!
You slash the wight!
The wight is almost destroyed.
The wight hits you with a +0 flail.
You feel drained.
You barely miss the wight.
The wight is almost destroyed.
The wight barely misses you.
You hit the wight.
You destroy the wight!
Okawaru accepts your kill.
Your life force feels restored.
A white imp comes into view.
Items here: ( )) ? [[.
The white imp gestures at you. You block the puff of frost.
You hit the white imp but do no damage. You block the white imp's attack.
You closely miss the white imp. The white imp gestures at you.
The puff of frost hits you but does no damage.
You barely miss the white imp.
The white imp hits you but does no damage.
You barely miss the white imp.
A two-headed ogre comes into view. It is wielding two +0 giant clubs.
The white imp hits you but does no damage.
You hit the white imp.
The white imp is lightly wounded.
The white imp hits you but does no damage.
You feel much better. The white imp barely misses you.
Okay, then.
The white imp gestures at you. You block the puff of frost.
You gain the combat prowess of a mighty hero.
You hit the two-headed ogre.
The two-headed ogre is lightly wounded.
You closely miss the white imp. The white imp gestures at you.
You block the puff of frost.
You slash the two-headed ogre!
The two-headed ogre is moderately wounded.
You slash the white imp!
You kill the white imp!
Okawaru accepts your kill.
The two-headed ogre hits you with a +0 giant club!
You block the two-headed ogre's attack.
You slash the two-headed ogre!
The two-headed ogre is heavily wounded.
The two-headed ogre hits you with a +0 giant club!
You block the two-headed ogre's attack.
You barely miss the two-headed ogre.
The two-headed ogre is heavily wounded.
You feel much better.
The two-headed ogre hits you with a +0 giant club!
The two-headed ogre hits you with a +0 giant club!!
You slash the two-headed ogre!
The two-headed ogre is severely wounded.
The two-headed ogre hits you with a +0 giant club!!
* * * LOW HITPOINT WARNING * * *
The two-headed ogre hits you with a +0 giant club!!
You die...

* , ### * * ##.. , , *
#..##*._. * * * . *
#... ... #.## #..#, #.#
.# #....###..#,
...,,#.#
#......####.####.#
#...@O....... ..# *
####..####.####.## *,
*, * ##)#..h....#..####
, #.#.##.##.#...... * *
* *#.†.#...#........
.......###._.###......
*
*#####.................
#.###.###)#).#####
#.###.###).)##


You could see a two-headed ogre.

Vanquished Creatures
  Pikel (D:9)
  An orc warrior (D:8)
  An ice beast (D:6)
  An ogre (D:6)
  A centaur (D:6)
  A lemure (D:9)
  A bullfrog (D:6)
  A scorpion (D:6)
  A water moccasin zombie (D:5)
  A killer bee (D:8)
  5 wights (D:8)
  A howler monkey (D:8)
  A jelly (D:4)
  2 orc priests
  3 orc wizards (D:3)
  A howler monkey zombie (D:8)
  A gnoll (D:1)
  A shadow imp (D:8)
  2 white imps
  A worm (D:3)
  5 orcs
  3 bats
  A giant cockroach (D:1)
  4 goblins
  A hobgoblin (D:2)
  A frilled lizard (D:1)
  2 rats
45 creatures vanquished.

Notes
Turn   | Place    | Note
-------+----------+-------------------------------------------
     0 | D:1      | BorgnjorsVileCrotch the Deep Dwarf Fighter began the quest
                  | for the Orb.
     0 | D:1      | Reached XP level 1. HP: 20/20 MP: 1/1
   122 | D:1      | Reached XP level 2. HP: 25/27 MP: 2/2
   232 | D:3      | Reached skill level 3 in Fighting
   239 | D:3      | Reached XP level 3. HP: 20/34 MP: 3/3
   252 | D:3      | Reached skill level 3 in Axes
   252 | D:3      | Reached skill level 4 in Shields
   252 | D:3      | Reached XP level 4. HP: 38/42 MP: 4/4
   283 | D:3      | Reached skill level 4 in Armour
   302 | D:4      | Reached XP level 5. HP: 49/49 MP: 5/5
   310 | D:5      | Entered Level 5 of the Dungeon
   388 | D:5      | Found a staircase to the Ecumenical Temple.
   393 | Temple   | Entered the Ecumenical Temple
   444 | Temple   | Became a worshipper of Warmaster Okawaru
   552 | D:6      | Noticed a centaur
   559 | D:6      | Killed a centaur
   560 | D:6      | Reached skill level 4 in Axes
   560 | D:6      | Reached XP level 6. HP: 36/57 MP: 6/6
   565 | D:6      | Reached skill level 5 in Axes
   585 | D:6      | Reached * piety under Okawaru
   608 | D:6      | Noticed an ice beast
   618 | D:6      | Reached skill level 6 in Axes
   618 | D:6      | Reached skill level 1 in Invocations
   621 | D:6      | Killed an ice beast
   622 | D:6      | Reached skill level 2 in Invocations
   622 | D:6      | Reached XP level 7. HP: 29/63 MP: 5/9
   625 | D:6      | You fall into a shaft and drop 3 floors!
   626 | D:9      | Your magical essence is drained by the effort!
   631 | D:9      | Noticed Pikel
   645 | D:9      | Killed Pikel
   645 | D:9      | Reached ** piety under Okawaru
   645 | D:9      | Reached *** piety under Okawaru
   646 | D:9      | Reached skill level 7 in Axes
   646 | D:9      | Reached skill level 5 in Invocations
   646 | D:9      | Reached XP level 8. HP: 33/72 MP: 5/11
   706 | D:9      | Your magical essence is drained by the effort!
   710 | D:9      | Identified the amulet of Wohilaq {Regen+ rCorr Dex+3}
   756 | D:8      | Your magical essence is drained by the effort!
   768 | D:8      | Reached skill level 6 in Invocations
   770 | D:8      | Found a shadowy altar of Dithmenos.
   786 | D:8      | Reached skill level 8 in Axes
   803 | D:8      | Found a glowing silver altar of Zin.
   818 | D:8      | Reached skill level 7 in Invocations
   827 | D:8      | Noticed a two-headed ogre
   837 | D:8      | Mangled by a two-headed ogre

Illustrated notes

Levels and vault maps discovered:
D:1:      eino_arrival_druids_welcome, layout_basic
D:2:      layout_basic
D:3:      layout_rooms, mrwooster_statue_mirror, uniq_jessica,
          uniq_crazy_yiuf_cottage, uniq_ijyb
D:4:      layout_basic
D:5:      layout_loops_ring, temple_doors_ab
D:6:      layout_rooms
D:8:      layout_rooms, mainiacjoe_overflow_large_starburst, uniq_maurice
D:9:      layout_gridville, serial_bayou, serial_bayou_shore_b,
          serial_bayou_shore_b, serial_bayou_crossing, serial_bayou_pond_d,
          kennysheep_dice, uniq_pikel
Temple:   mainiacjoe_temple_cubbyholes

Skill      XL: |  1  2  3  4  5  6  7  8 |
---------------+-------------------------+-----
Fighting       | 3 |  3.7
Axes           | 3 4 6 7 8 |  8.5
Shields        | 4 |  4.5
Armour         | 4 |  4.5
Invocations    | 2 5 7 |  7.2

Action                   |  1- 3 |  4- 6 |  7- 9 || total
-------------------------+-------+-------+-------++-------
Melee: War axe           |    40 |    56 |    55 ||   151
Invok: Heroism           |       |     1 |     3 ||     4
 Abil: Heal Wounds       |     2 |     1 |     6 ||     9
Armor: Plate armour      |   215 |    74 |    46 ||   335
       Scale mail        |    19 |       |       ||    19
Dodge: Dodged            |    75 |    23 |    27 ||   125
Block: Buckler           |    65 |    13 |    34 ||   112
